 Dungeon Crawl Stone Soup version 0.30-a0-777-ga9a30cbeda (webtiles) character file.

Game seed: 3527238071942026703

5 kingofthe the Conjurer (level 1, 0/11 HPs)
             Began as an Octopode Conjurer on Feb 14, 2023.
             Slain by a goblin
             ... wielding a +0 dagger
              (3 damage)
             ... on level 1 of the Dungeon.
             The game lasted 00:00:23 (67 turns).

kingofthe the Conjurer (Octopode Conjurer)            Turns: 67, Time: 00:00:23

Health: 0/11       AC:  1    Str:  6    XL:     1   Next: 80%
Magic:  1/3        EV: 13    Int: 20    God:
Gold:   0          SH:  0    Dex: 10    Spells: 3/4 levels left

rFire   . . .      SeeInvis .    (no weapon)
rCold   . . .      Faith    .    (no shield)
rNeg    . . .      Spirit   .    (helmet restricted)
rPois   .          Reflect  .    (no amulet)
rElec   .          Harm     .    (no ring)
rCorr   .          Rampage  .    (no ring)
Will    .....                    (no ring)
Stlth   +++                      (no ring)
HPRegen 0.21/turn                (no ring)
MPRegen 0.08/turn                (no ring)
                                 (no ring)
                                 (no ring)

@: no status effects
A: almost no armour, amphibious, 8 rings, camouflage 1, gelatinous body 1,
(nimble swimmer 1), tentacles
a: no special abilities


You were on level 1 of the Dungeon.
You visited 1 branch of the dungeon, and saw 1 of its levels.

Inventory:

Potions
 a - a potion of magic


   Skills:
 - Level 2.0 Dodging
 - Level 2.6 Stealth
 + Level 2.4 Spellcasting
 - Level 4.0 Conjurations


You had 3 spell levels left.
You knew the following spells:

 Your Spells              Type           Power      Damage    Failure   Level
a - Magic Dart            Conj           72%        1d6       3%          1

Your spell library contained the following spells:

 Spells                   Type           Power      Damage    Failure   Level
 Searing Ray              Conj           36%        2d5       4%          2
 Dazzling Flash           Conj/Hex       20%        N/A       21%         3
 Fulminant Prism          Conj/Hex       5%         3d7       54%         4
 Iskenderun's Mystic Bla  Conj/Tloc      10%        2d4       54%         4


Dungeon Overview and Level Annotations

Branches:
Dungeon (1/15)

Altars:


Innate Abilities, Weirdness & Mutations

You cannot wear most types of armour.
You are amphibious.
You can wear up to eight rings at the same time.
Your skin changes colour to match your surroundings (Stealth+).
Your rubbery body absorbs attacks. (AC +1, EV +1)
((You are camouflaged when in or above water. (Stealth+)))
You have tentacles for arms and can constrict up to eight enemies at once.


Message History

You kill the kobold!
A hobgoblin comes into view.
Found a hand axe.
The magic dart hits the hobgoblin.
The hobgoblin is severely wounded.
The hobgoblin shouts!
You hear a shout!
A goblin comes into view. It is wielding a +0 club.
The magic dart hits the hobgoblin.
The hobgoblin is almost dead.
The magic dart hits the hobgoblin.
You kill the hobgoblin!
A goblin comes into view. It is wielding a +0 dagger.
There are monsters nearby!
You are out of magic!
You see here a ball python corpse.
The goblin hits you with a +0 club.
You barely miss the goblin. You grab the goblin. You constrict the goblin.
The goblin hits you with a +0 club.
You are too injured to fight recklessly!
You are too injured to fight recklessly!
You are too injured to fight recklessly!
You tentacle-slap the goblin.
The goblin is heavily wounded.
You constrict the goblin. The goblin closely misses you.
You tentacle-slap the goblin.
You kill the goblin!
You tentacle-slap the goblin. Your grab misses the goblin.
The goblin is severely wounded.
The goblin hits you with a +0 dagger.
* * * LOW HITPOINT WARNING * * *
You closely miss the goblin. Your grab misses the goblin.
The goblin is severely wounded.
A giant cockroach comes into view.
The goblin hits you with a +0 dagger.
* * * LOW HITPOINT WARNING * * *
You tentacle-slap the goblin but do no damage.
Your grab misses the goblin.
The goblin is severely wounded.
The goblin hits you with a +0 dagger.
You die...

.).g
..$..####
........###
..†.....g.##
.......##..##
....... ##..#
##.#..# ##B#
# ##. #g# ##
###@###
##~#.#~##
##~P~.~P~##
#~P8P.P8P~#
##~P.<.P~##
##~♣...P~##
#~♣8♣.P8P~#
##~♣...P~##
##~#.#~##


You could see a giant cockroach and a goblin.

Vanquished Creatures
  A ball python (D:1)
  A goblin (D:1)
  A hobgoblin (D:1)
  A kobold (D:1)
4 creatures vanquished.

Notes
Turn   | Place    | Note
-------+----------+-------------------------------------------
     0 | D:1      | kingofthe the Octopode Conjurer began the quest for the
                  | Orb.
     0 | D:1      | Reached XP level 1. HP: 11/11 MP: 3/3
    67 | D:1      | Slain by a goblin

Illustrated notes

Levels and vault maps discovered:
D:1:      ldierk_walled_garden_2, layout_rooms, serial_shops,
          nicolae_diamond_shop

Action                     || total
---------------------------++-------
  Melee: Unarmed           ||     6
         Constrict         ||     1
   Cast: Magic Dart        ||     5
  Dodge: Dodged            ||     1

Table legend: (Time is in decaauts)
 A = Elapsed time spent in this place.
 B = Non-inter-level travel time spent in this place.
 C = Inter-level travel time spent in this place.
 D = Time resting spent in this place.
 E = Time spent auto-exploring this place.
 F = Levels seen in this place.
 G = Mean time per level.
                   A        B        C        D        E       F      G
               +--------+--------+--------+--------+--------+-----+--------+
         Total |     67 |     67 |      0 |      0 |     43 |   1 |   67.0 |
       Dungeon |     67 |     67 |      0 |      0 |     43 |   1 |   67.0 |
               +--------+--------+--------+--------+--------+-----+--------+

Top non-repeatable levels by time:
     D:1: 67 daAuts
